 Dungeon Crawl Stone Soup version 0.31.0-9-g3a7656b989 (console) character file.

Game seed: 13764697115942330903

3826 AlterAsc the Grappler (level 10, -1/63 HPs)
             Began as an Octopode Shapeshifter on Feb 2, 2024.
             Was a Priest of Elyvilon.
             Slain by an unseen horror (2 damage)
             ... on level 9 of the Dungeon.
             The game lasted 00:17:46 (8649 turns).

AlterAsc the Grappler (Octopode Shapeshifter)       Turns: 8649, Time: 00:17:47

Health: -1/63      AC:  1    Str: 17    XL:     10   Next: 17%
Magic:  10/10      EV: 14    Int: 14    God:    Elyvilon [***...]
Gold:   358        SH:  5    Dex: 11    Spells: 9/9 levels left

rFire   . .          .
                       - Unarmed
rCold   . . .        (no shield)
rNeg    + . .        (helmet currently unavailable)
rPois   +            f - amulet of reflection
rElec   .            o - ring of poison resistance
rCorr   .            m - ring of positive energy
SInv    .            (no ring)
Will    .....        (no ring)
Stlth   ++           (no ring)
HPRegen 0.30/turn    (no ring)
MPRegen 0.12/turn    (no ring)
                     (no ring)

%: reflection
@: beast-form
A: beast (slay +4), almost no armour, amphibious, 8 rings, camouflage 1,
gelatinous body 1, (nimble swimmer 1), tentacles
a: Begin Untransformation, Renounce Religion, Purification, Heal Other, Heal
Self


You were on level 9 of the Dungeon.
You worshipped Elyvilon.
Elyvilon was most pleased with you.
You were a hulking beast.
You visited 2 branches of the dungeon, and saw 10 of its levels.

You collected 358 gold pieces.

Inventory:

Missiles
 p - 3 throwing nets (quivered)
 q - 3 silver javelins
 u - 6 boomerangs
 w - 5 atropa-tipped darts
 y - 4 poisoned darts
Jewellery
 f - an amulet of reflection (around mantle)
 k - a ring of fire
 m - a ring of positive energy (right tentacle)
 o - a ring of poison resistance (left tentacle)
 A - an amulet of the acrobat
 H - an amulet of magic regeneration
Talismans
 b - a beast talisman
 c - a flux talisman
 G - a maw talisman
Wands
 g - a wand of roots (5)
 B - a wand of flame (1)
Scrolls
 d - 5 scrolls of revelation
 e - a scroll of blinking
 h - a scroll of amnesia
 j - 2 scrolls of vulnerability
 l - a scroll of immolation
 r - 3 scrolls of fog
 v - 2 scrolls of silence
 x - 3 scrolls of poison
Potions
 a - a potion of might {unknown}
 i - a potion of degeneration {unknown}
 n - 3 potions of heal wounds {unknown}
 s - 4 potions of brilliance
 t - a potion of resistance {unknown}
 z - a potion of magic {unknown}
 C - 4 potions of mutation {unknown}
 D - 2 potions of attraction {unknown}
 E - a potion of haste {unknown}
 F - a potion of invisibility {unknown}


   Skills:
 + Level 3.8 Fighting
 + Level 4.2 Dodging
 - Level 11.1 Unarmed Combat
 + Level 0.0 Invocations
 + Level 7.8 Shapeshifting


You had 9 spell levels left.
You didn't know any spells.
Your spell library was empty.

Dungeon Overview and Level Annotations

Branches:
Dungeon (9/15)             Temple (1/1) D:5
   Lair: D:8-11         Orc: D:9-12

Altars:
Ashenzari
Cheibriados
Dithmenos
Elyvilon
Fedhas
Makhleb
Okawaru
Qazlal
Ru
Sif Muna
Trog
Uskayaw
Vehumet
Wu Jian
Xom
Yredelemnul
Zin
The Shining One

Shops:
D:8 (

Annotations:
D:5 1 runed translucent door, Crazy Yiuf
D:6 2 transporters, waddelsworth's ghost, novice TrSh
D:8 1 exclusion


Innate Abilities, Weirdness & Mutations

You are a hulking beast.
Your limbs bulge with bestial killing power. (Slay +4)
You cannot wear most types of armour.
You are amphibious.
You can wear up to eight rings at the same time.
Your skin changes colour to match your surroundings (Stealth+).
Your rubbery body absorbs attacks. (AC +1, EV +1)
((You are camouflaged when in or above water. (Stealth+)))
You have tentacles for arms and can constrict up to eight enemies at once.


Message History

Found a serpent talisman.
Something hits the fungus!
The fungus begins to die.
Something hits the fungus!
Something hits the fungus.
You hear a shout!
The orc shouts!
You tentacle-slap the orc. You grab the orc.
The orc is almost dead.
You constrict the orc, but do no damage.
You tentacle-slap the orc.
You kill the orc!
Something hits the fungus.
The fungus begins to die.
An orc priest comes into view. It is wielding a +0 trident.
A nearby fungus withers and dies.
Things that are here:
a +0 mace; a +0 chain mail Deactivating autopickup; reactivate with Ctrl-A.
You closely miss something.
The orc wizard shouts!
Something hits you. Something hits you. x2
There is a strange disturbance nearby!
You closely miss something.
Your tentacle-slap misses something.
Something hits you! Something hits you.
You barely miss something. You squeeze something. You block something's attack.
The orc wizard gestures wildly while chanting.
The orc wizard flickers and vanishes!
Something hits you. The orc hits you with a +0 falchion!
You tentacle-slap the orc. You grab the orc. You squeeze the orc.
You kill the orc!
Something hits you!
Okay, then.
Something hits you.
* * * LOW HITPOINT WARNING * * *
Something hits you.
* * * LOW HITPOINT WARNING * * *
Something hits you!
* * * LOW HITPOINT WARNING * * *
Something hits you.
* * * LOW HITPOINT WARNING * * *
Something hits you.
* * * LOW HITPOINT WARNING * * *
Something hits you.
You die...

..##..P._...
.........##.#..# #. ...
P....# #.#.......#.#..# ..
... {o..# #.#.#.#
#.#.#..####. #.##..#
#.#.#.###.........#.
#.#)#####.(............##.#.
#.....o..o..........#.###.#.
#.#...##.#{.#########.# #.#.
#.##...##.#..# ####.# #.#.
..# ##.###.#..######....#
#.#. ### #.#
#.#...........## #.#. #.#
#.##h######.#.# #.#. #.#
#.##.# #.#.####... #.#
#.##.# #.#.#...... #.#
#.##.# #.#.#.####. #.#
#.##># #.#.#.# #..
#.##.######.#.#.###..
#.##.................
...############.###.. #.#
#.. #.###.. ###......


You could see an orc priest.

Vanquished Creatures
  A boulder beetle (D:9)
  Pikel (D:5)
  A shadow (D:9)
  A vampire (D:7)
  A steam dragon (D:8)
  Menkaure (D:6)
  2 water moccasins (D:7)
  An orc warrior (D:7)
  2 ice beasts
  3 sky beasts
  A centaur (D:5)
  4 lemures (D:5)
  A phantom (D:7)
  4 bullfrogs (D:7)
  3 scorpions
  3 howler monkeys
  A bombardier beetle (D:6)
  A crimson imp (D:6)
  3 jellies
  6 hounds
  6 orc priests
  A sleepcap (D:4)
  3 orc wizards
  2 adders
  8 gnolls
  2 shadow imps (D:6)
  A dart slug (D:5)
  3 ribbon worms
  40 orcs
  4 endoplasms
  5 giant cockroaches
  5 goblins
  4 hobgoblins
  A quokka (D:3)
  6 ball pythons
  3 bats
  A frilled lizard (D:1)
  4 kobolds
  2 rats
142 creatures vanquished.

Notes
Turn   | Place    | Note
-------+----------+-------------------------------------------
     0 | D:1      | AlterAsc the Octopode Shapeshifter began the quest for the
                  | Orb.
     0 | D:1      | Reached XP level 1. HP: 13/13 MP: 1/1
   627 | D:1      | Reached XP level 2. HP: 18/18 MP: 2/2
  1362 | D:2      | Reached skill level 4 in Unarmed Combat
  1371 | D:2      | Reached XP level 3. HP: 11/23 MP: 3/3
  1492 | D:2      | Reached XP level 4. HP: 26/28 MP: 4/4
  2005 | D:3      | Reached skill level 5 in Unarmed Combat
  2359 | D:3      | You fall into a shaft and drop 1 floor!
  2411 | D:3      | Found a faded altar of an unknown god.
  2855 | D:4      | Reached XP level 5. HP: 27/33 MP: 5/5
  2931 | D:4      | Reached skill level 6 in Unarmed Combat
  3361 | D:4      | Reached XP level 6. HP: 31/38 MP: 6/6
  3501 | D:4      | Found a shadowy altar of Dithmenos.
  3617 | D:5      | Entered Level 5 of the Dungeon
  3630 | D:5      | Found a staircase to the Ecumenical Temple.
  3639 | Temple   | Entered the Ecumenical Temple
  3677 | D:5      | Reached skill level 7 in Unarmed Combat
  3720 | D:5      | Found a runed translucent door.
  3721 | D:5      | Noticed Crazy Yiuf
  3979 | D:5      | Noticed Pikel
  3987 | D:5      | Killed Pikel
  3988 | D:5      | Reached skill level 9 in Unarmed Combat
  3988 | D:5      | Reached XP level 7. HP: 38/43 MP: 7/7
  3991 | D:5      | Reached XP level 8. HP: 43/48 MP: 8/8
  4144 | D:5      | Found an iron altar of Okawaru.
  4501 | Temple   | Became a worshipper of Elyvilon the Healer
  4604 | D:6      | Found a burning altar of Makhleb.
  4604 | D:6      | Found a radiant altar of Vehumet.
  4710 | D:6      | Found a transporter.
  4715 | D:6      | Found a transporter.
  5039 | D:6      | Reached * piety under Elyvilon
  5060 | D:6      | Reached skill level 10 in Unarmed Combat
  5386 | D:6      | Noticed waddelsworth's ghost (novice TrSh)
  5424 | D:6      | HP: 2/48 [ice beast (7)]
  5628 | D:6      | Noticed Menkaure
  5632 | D:6      | Killed Menkaure
  5964 | D:7      | Reached skill level 11 in Unarmed Combat
  6044 | D:7      | Reached XP level 9. HP: 31/53 MP: 9/9
  6228 | D:7      | Reached skill level 5 in Shapeshifting
  6888 | D:7      | Reached ** piety under Elyvilon
  7420 | D:8      | Found a glowing golden altar of the Shining One.
  7779 | D:8      | Found a bloodstained altar of Trog.
  7824 | D:8      | Found Fataghue's Weapon Emporium.
  8222 | D:8      | Noticed a green ugly thing
  8314 | D:9      | Found a sacrificial altar of Ru.
  8371 | D:9      | Reached XP level 10. HP: 59/63 MP: 10/10
  8404 | D:9      | Noticed a boulder beetle
  8422 | D:9      | Killed a boulder beetle
  8614 | D:9      | Reached *** piety under Elyvilon
  8624 | D:9      | Found an ornate altar of the Wu Jian Council.
  8649 | D:9      | HP: 1/63 [something (4)]
  8649 | D:9      | Slain by an unseen horror

Illustrated notes

Levels and vault maps discovered:
D:1:      hellmonk_arrival_library, layout_basic
D:2:      layout_basic
D:3:      layout_basic, shapermc_ecumenical_altar_totnotflames
D:4:      layout_basic, mainiacjoe_overflow_six_doors_small, serial_bayou_lake_a
D:5:      layout_gridville, okawaru_gym_becter, minmay_temple_entry_mini_moons,
          nicolae_underground_beach, uniq_pikel, uniq_crazy_yiuf_cottage
D:6:      layout_basic, grunt_temple_overflow_lords_of_destruction,
          gammafunk_ghost_hive, uniq_menkaure
D:7:      layout_loops_ring
D:8:      layout_cave_pools, mainiacjoe_overflow_brackets, lemuel_crystal_altar,
          serial_shops, shop
D:9:      layout_loops_ring, kennysheep_mini_moat,
          mainiacjoe_overflow_boulevard, mainiacjoe_overflow_chevrons
Temple:   cyrus_temple_forest

Skill      XL: |  1  2  3  4  5  6  7  8  9 10 |
---------------+-------------------------------+-----
Unarmed Combat | 4 5 6 9 11 | 11.1
Shapeshifting  | 4 7 |  7.8
Fighting       | 3 |  3.8
Dodging        | 3 4 |  4.2

Action                     |  1- 3 |  4- 6 |  7- 9 | 10-12 || total
---------------------------+-------+-------+-------+-------++-------
  Melee: Unarmed           |    38 |   107 |   175 |    20 ||   340
         Constrict         |    12 |    27 |    36 |     2 ||    77
         Tentacles         |     5 |    23 |    28 |     8 ||    64
         Punch             |     2 |     6 |     7 |     1 ||    16
  Throw: Dart              |       |    18 |       |       ||    18
         Javelin           |       |     8 |       |       ||     8
    Use: Potion            |     1 |     1 |     3 |       ||     5
         Scroll            |       |       |    11 |       ||    11
   Stab: Sleeping          |     5 |     7 |     7 |       ||    19
 Armour: Skin              |    10 |    43 |    87 |    19 ||   159
  Dodge: Dodged            |    14 |    38 |    56 |     3 ||   111
  Block: Other             |     3 |    21 |    18 |     2 ||    44
         Reflection        |       |     4 |       |       ||     4
